 Dungeon Crawl Stone Soup version 0.31-a0-1074-g0b22e4e0f1 (webtiles) character file.

Game seed: 7607200271528786548

44 grandjackal the Trooper (level 3, -1/39 HPs)
             Began as an Ogre Warper on Dec 2, 2023.
             Slain by Sigmund
             ... wielding a +2 scythe of protection
              (9 damage)
             ... on level 2 of the Dungeon.
             The game lasted 00:01:24 (1333 turns).

grandjackal the Trooper (Ogre Warper)               Turns: 1333, Time: 00:01:25

Health: -1/39      AC:  3    Str: 15    XL:     3   Next: 62%
Magic:  6/6        EV:  9    Int: 16    God:
Gold:   31         SH:  0    Dex:  8    Spells: 4/6 levels left

rFire   . . .        a - +0 mace
rCold   . . .        (no shield)
rNeg    . . .        b - +0 robe
rPois   .            (helmet restricted)
rElec   .            (no cloak)
rCorr   .            (gloves unavailable)
SInv    .            (boots unavailable)
Will    .....        (no amulet)
Stlth   +            (no ring)
HPRegen 0.26/turn    (no ring)
MPRegen 0.10/turn

%: no passive effects
@: confused
A: large, unfitting armour, tough skin 1
a: no special abilities


You were on level 2 of the Dungeon.
You visited 1 branch of the dungeon, and saw 2 of its levels.

You collected 31 gold pieces.

Inventory:

Hand Weapons
 a - a +0 mace (weapon)
Missiles
 d - 7 darts of dispersal (quivered)
Armour
 b - a +0 robe (worn)
Scrolls
 c - a scroll of blinking
 f - a scroll of noise {unknown}
 g - 4 scrolls of identify {unknown}
 h - a scroll of poison {unknown}
 i - a scroll of summoning {unknown}
Potions
 e - a potion of curing {unknown}


   Skills:
 + Level 3.8 Fighting
 + Level 2.4 Maces & Flails
 - Level 1.0 Throwing
 - Level 2.1 Dodging
 - Level 2.4 Spellcasting
 + Level 3.1 Translocations


You had 4 spell levels left.
You knew the following spells:

 Your Spells              Type           Power      Damage    Failure   Level
a - Blink                 Tloc           24%        N/A       9%          2

Your spell library contained the following spells:

 Spells                   Type           Power      Damage    Failure   Level
 Lesser Beckoning         Tloc           24%        N/A       9%          2
 Teleport Other           Tloc           12%        N/A       16%         3
 Manifold Assault         Tloc           12%        N/A       47%         4
 Vhi's Electric Charge    Tloc/Air       14%        N/A       71%         4


Dungeon Overview and Level Annotations

Branches:
Dungeon (2/15)

Altars:

Annotations:
D:2 Sigmund


Innate Abilities, Weirdness & Mutations

You are too large for most types of armour.
You have tough skin. (AC +1)


Message History

Sigmund is moderately wounded.
Sigmund completely misses you.
You barely miss Sigmund.
Sigmund is moderately wounded.
You barely miss Sigmund.
Sigmund is moderately wounded.
Sigmund barely misses you.
You barely miss Sigmund.
Sigmund is moderately wounded.
Sigmund misses you.
You closely miss Sigmund.
Sigmund is moderately wounded.
You touch Sigmund but do no damage.
Sigmund is moderately wounded.
Sigmund hits you with a +2 scythe of protection.
You touch Sigmund but do no damage.
Sigmund is moderately wounded.
You touch Sigmund but do no damage.
Sigmund is moderately wounded.
You condense into your normal self.
Your +0 mace unmelds from your body.
Your +0 robe unmelds from your body.
Sigmund says, "I'm your fate."
Sigmund hits you with a +2 scythe of protection.
You barely miss Sigmund.
Sigmund is moderately wounded.
Sigmund gestures at you while chanting. The puff of flame hits you.
You hit Sigmund.
Sigmund is moderately wounded.
Sigmund points at you and mumbles some strange words.
You are confused.
You bump into the rock wall.
Sigmund misses you.
You bump into the rock wall.
Sigmund hits you with a +2 scythe of protection.
* * * LOW HITPOINT WARNING * * *
You hit Sigmund but do no damage.
Sigmund is moderately wounded.
Sigmund hits you with a +2 scythe of protection!
You die...
Sigmund begins carving another notch in his scythe.

##### ..!.(... ....# ......#
....# ..... ....# ... ....#
#.# ....# #.# ....# #.#
....###########@############
..............#.@.<.รท......#
##'##########.############.#
#.# #.#<.# #.# #.# #.##.# #.#
#.# #.##)# #.# #.# #.##.# #.#
#.##########.##.# ######.#
#...............# #......#
############.#### #.######


You could see Sigmund.

Vanquished Creatures
  An adder (D:2)
  5 ball pythons
  2 endoplasms (D:1)
  4 giant cockroaches (D:1)
  6 goblins (D:1)
  3 hobgoblins (D:1)
  3 jackals (D:2)
  2 quokkas (D:1)
  A bat (D:1)
  A frilled lizard (D:1)
  3 rats (D:1)
31 creatures vanquished.

Notes
Turn   | Place    | Note
-------+----------+-------------------------------------------
     0 | D:1      | grandjackal the Ogre Warper began the quest for the Orb.
     0 | D:1      | Reached XP level 1. HP: 22/22 MP: 3/3
   128 | D:1      | Reached XP level 2. HP: 27/31 MP: 5/5
   131 | D:1      | Learned a level 2 spell: Blink
   659 | D:1      | Reached XP level 3. HP: 28/37 MP: 6/6
  1170 | D:2      | Noticed Sigmund
  1333 | D:2      | Slain by Sigmund

Illustrated notes

Levels and vault maps discovered:
D:1:      dpeg_arrival_rooms_c, layout_basic, kennysheep_boxes
D:2:      layout_basic, hellmonk_ecumenical_altar_dog_temple,
          minmay_heptomino_d4, uniq_sigmund, uniq_robin

Skill      XL: |  1  2 |
---------------+-------+-----
Fighting       | 3 |  3.8
Maces & Flails | 2 |  2.4
Translocations | 3 |  3.1
Throwing       | |  1.0
Dodging        | |  2.1
Spellcasting   | |  2.4

Action                     || total
---------------------------++-------
  Melee: Mace              ||   108
         Unarmed           ||    27
  Throw: Dart              ||     2
 Armour: Robe              ||    82
         Skin              ||     5
  Dodge: Dodged            ||    69

Table legend: (Time is in decaauts)
 A = Elapsed time spent in this place.
 B = Non-inter-level travel time spent in this place.
 C = Inter-level travel time spent in this place.
 D = Time resting spent in this place.
 E = Time spent auto-exploring this place.
 F = Levels seen in this place.
 G = Mean time per level.
                   A        B        C        D        E       F      G
               +--------+--------+--------+--------+--------+-----+--------+
         Total |   1363 |   1322 |     41 |    122 |    919 |   2 |  681.5 |
       Dungeon |   1363 |   1322 |     41 |    122 |    919 |   2 |  681.5 |
               +--------+--------+--------+--------+--------+-----+--------+

Top non-repeatable levels by time:
     D:1: 1088 daAuts
     D:2: 274 daAuts
